 Dungeon Crawl Stone Soup version 0.17-a0-1900-g45e8110 (webtiles) character file.

36241 4thArraOfDagon the Severer (level 13, -3/123 HPs)
             Began as a Deep Dwarf Berserker on Sept 24, 2015.
             Was a Believer of Trog.
             Slain by an orc warrior
             ... wielding a +0 battleaxe
              (25 damage)
             ... on level 4 of the Orcish Mines.
             The game lasted 00:37:37 (5125 turns).

4thArraOfDagon the Severer (Deep Dwarf Berserker)   Turns: 5125, Time: 00:37:37

Health: -3/123     AC: 12    Str: 32    XL:     13   Next: 51%
Magic:  19/19      EV: 11    Int: 17    God:    Trog [**....]
Gold:   434        SH:  0    Dex: 12    Spells: 0 memorised, 12 levels left

rFire  + . .     SeeInvis .     n - +3 war axe of Disharmony {speed, *Drain +Fly Str+8}
rCold  . . .     Clarity  .     G - +0 scale mail {rC+}
rNeg   . . .     SustAt   .     (no shield)
rPois  .         Gourm    .     k - +0 helmet
rElec  +         Spirit   .     (no cloak)
rCorr  .         Warding  .     (no gloves)
rMut   .         Stasis   .     j - +0 pair of boots
MR     +++..                    (no amulet)
Stlth  ..........               F - +4 ring of strength
                                p - ring "Sikaysch" {Fire rElec Int+3}

@: non-regenerating, extremely resistant to hostile enchantments, extremely
unstealthy
A: damage resistance, recharge devices, sense surroundings 2, slow healing 3
a: Device Recharging, Burn Spellbooks, Berserk, Trog's Hand, Renounce Religion,
Evoke Flight


You were on level 4 of the Orcish Mines.
You worshipped Trog.
Trog was pleased with you.
You were not hungry.

You visited 3 branches of the dungeon, and saw 20 of its levels.
You visited the Abyss 1 time.
You also visited: Labyrinth and Volcano.

You collected 434 gold pieces.

Inventory:

Hand weapons
 a - a +0 hand axe
 n - the +3 war axe of Disharmony (weapon) {speed, *Drain +Fly Str+8}
   (You found it on level 8 of the Dungeon)

   Attacks with this weapon are significantly faster.
   It affects your strength (+8).
   It lets you fly.
   It causes draining when unequipped.
 u - the +5 hand axe "Hydrabane" {chop, rPois Str+7 Int-5 Dex+4}
   (You found it on level 8 of the Dungeon)

   It inflicts extra damage upon your enemies.
   It affects your strength (+7).
   It affects your intelligence (-5).
   It affects your dexterity (+4).
   It protects you from poison.
 x - a +0 battleaxe
 A - a +1 battleaxe
 H - a +2 battleaxe of electrocution
 T - a +1 war axe of flaming
Armour
 j - a +0 pair of boots (worn)
 k - a +0 helmet (worn)
 v - a +0 swamp dragon armour
 G - a +0 scale mail of cold resistance (worn)
 J - the +2 scale mail of Incorporation {*Contam rF++ Int+4}
   (You found it on level 15 of the Dungeon)

   It affects your intelligence (+4).
   It greatly protects you from fire.
   It causes magical contamination when unequipped.
 X - a +0 chain mail of fire resistance
Magical staves
 o - an uncursed staff of cold {unknown}
 w - an uncursed staff of power {unknown}
 B - an uncursed staff of cold {unknown}
 S - an uncursed staff of conjuration {unknown}
Jewellery
 p - the ring "Sikaysch" (left hand) {Fire rElec Int+3}
   (You took it off a minotaur in a labyrinth)

   [ring of fire]

   It enhances your fire magic, and weakens your ice magic.
   It affects your intelligence (+3).
   It protects you from fire.
   It makes you vulnerable to cold.
   It insulates you from electricity.
 q - an uncursed ring of flight
 F - a +4 ring of strength (right hand)
 I - a +4 ring of dexterity
Magical devices
 c - a wand of heal wounds (2)
 t - a wand of flame (27)
 D - a wand of frost (6)
 L - a wand of lightning (7)
 Q - a wand of draining (7)
Scrolls
 e - 2 scrolls of remove curse
 g - 4 scrolls of fear
 i - a scroll of immolation
 l - a scroll of torment {unknown}
 s - a scroll of identify
 y - 2 scrolls of enchant armour
 M - a scroll of blinking
Potions
 b - 3 potions of haste
 f - 2 potions of poison
 h - 2 potions of brilliance
 m - a potion of resistance
 z - 2 potions of cancellation
 C - 2 potions of might
 V - a potion of agility
 W - a potion of berserk rage {unknown}
Books
 E - a book of Debilitation

   Spells                             Type                      Level
   a - Corona                         Hexes                        1
   b - Slow                           Hexes                        2
   c - Gell's Gravitas                Hexes/Translocation          3
   d - Inner Flame                    Hexes/Fire                   3
   e - Cause Fear                     Hexes                        4
   f - Leda's Liquefaction            Hexes/Earth                  4
   Trog disapproves of the use of such an item.
 N - a book of Enchantments

   Spells                             Type                      Level
   a - Cause Fear                     Hexes                        4
   b - Silence                        Hexes/Air                    5
   c - Deflect Missiles               Charms/Air                   6
   d - Haste                          Charms                       6
   e - Discord                        Hexes                        8
   Trog disapproves of the use of such an item.
 O - a book of Minor Magic

   Spells                             Type                      Level
   a - Magic Dart                     Conjuration                  1
   b - Blink                          Translocation                2
   c - Call Imp                       Summoning                    2
   d - Repel Missiles                 Charms/Air                   2
   e - Slow                           Hexes                        2
   f - Conjure Flame                  Conjuration/Fire             3
   g - Mephitic Cloud                 Conjuration/Poison/Air       3
   Trog disapproves of the use of such an item.
 P - a book of Fire

   Spells                             Type                      Level
   a - Ignite Poison                  Fire/Transmutation/Poison    3
   b - Fireball                       Conjuration/Fire             5
   c - Bolt of Fire                   Conjuration/Fire             6
   d - Delayed Fireball               Conjuration/Fire             7
   e - Ring of Flames                 Charms/Fire                  7
   Trog disapproves of the use of such an item.
 R - a book of Enchantments

   Spells                             Type                      Level
   a - Cause Fear                     Hexes                        4
   b - Silence                        Hexes/Air                    5
   c - Deflect Missiles               Charms/Air                   6
   d - Haste                          Charms                       6
   e - Discord                        Hexes                        8
   Trog disapproves of the use of such an item.
Miscellaneous
 K - a legendary deck of escape
 U - a lantern of shadows
Comestibles
 d - 10 bread rations
 r - 5 chunks of flesh


   Skills:
 + Level 10.1 Fighting
 * Level 16.1 Axes
 + Level 11.7 Armour
 - Level 2.1 Dodging
 - Level 12.6 Evocations


You had 12 spell levels left.
You didn't know any spells.

Dungeon Overview and Level Annotations

Branches:
Dungeon (15/15)            Temple (0/1) D:5             Orc (4/4) D:11
 Vaults (0/5) D:14         Depths (1/5) D:15
   Lair: D:8-11         Elf: Orc:3-4

Altars:
Cheibriados
Elyvilon
Fedhas
Kikubaaqudgha
Xom
Yredelemnul
The Shining One


Innate Abilities, Weirdness & Mutations

You are resistant to damage.
You can recharge devices by infusing magical energy.
You passively map the area around you.
You do not heal naturally.


Message History

You slash the orc warrior!
The orc warrior is almost dead.
You slice the orc warrior!!
You kill the orc warrior!
Trog accepts your kill.
You barely miss the orc warrior.
The orc warrior is almost dead.
You slash the orc!
You kill the orc!
Trog accepts your kill.
The orc warrior hits you with a battleaxe!
* * * LOW HITPOINT WARNING * * *
An orc warrior and an orc knight come into view.
You barely miss the orc warrior.
The orc warrior is almost dead.
You closely miss the orc warrior.
The orc warrior is almost dead.
The orc knight shouts!
The orc warrior hits you with a battleaxe!!
You die...

* * , , , , ,
**#≈≈≈≈.....#.. , ,
o...o............. ,, ,
o.ooo............. , *
#≈≈≈≈.....#....... *
*≈≈≈≈.o....#....... ,
≈≈≈≈................ , ,
......)oo.#......., ,
,......o@)##.......#. * ,
, ##..##))##......... .,
, , ,,
.......(.(......$.#.# ,,
,........))........... ,
, , ..#.....((..(..#..#..
*
,,,.........(...((......,
, .......$(.(.......... *
, #......(...†.<.......,
, ...........)†)[......


You could see 3 orc knights and 7 orc warriors.

Vanquished Creatures
  An Executioner (Abyss:1)
  A tentacled starspawn (Abyss:1)
  A minotaur (Lab)
  A centaur warrior (D:14)
  A vampire mage (D:15)
  A tengu warrior (D:14)
  Urug (D:11)
  An iron troll (Depths:1)
  2 skeletal warriors (D:15)
  A fire crab (shapeshifter) (D:15)
  An unseen horror (D:14)
  2 giant orange brains (Abyss:1)
  A deep troll (Depths:1)
  5 hill giants
  A necromancer (D:15)
  A wizard (D:10)
  A cyclops (D:11)
  A griffon (D:14)
  2 stone giant zombies (D:15)
  An ugly thing (D:11)
  5 large abominations
  2 centaur zombies
  2 worldbinders (Abyss:1)
  4 gargoyles (Lab)
  An orange demon (Abyss:1)
  A smoke demon (Abyss:1)
  A stone giant skeleton (D:15)
  An efreet (D:15)
  A kobold demonologist (Abyss:1)
  An ancient zyme (Abyss:1)
  A tengu conjurer (D:14)
  A hellwing (Abyss:1)
  5 trolls
  A fire drake (Volcano)
  4 two-headed ogres
  A spriggan zombie (D:15)
  9 slime creatures (D:13)
  A shadow (D:14)
  The ghost of 4thArraOfDagon the Chopper, an average VSBe of Trog (D:7)
  A trapdoor spider (Lab)
  7 yaks
  4 flying skulls (Abyss:1)
  A human (D:7)
  2 deep elf magi
  A hog (D:7)
  3 hippogriffs
  2 ynoxinuls (Abyss:1)
  2 fire bats (Volcano)
  A deep elf fighter (Volcano)
  5 basilisks
  6 small abominations
  3 hungry ghosts
  A chaos spawn (Abyss:1)
  3 ice beasts
  2 black bears
  7 orc warriors
  2 necrophages
  An ogre (D:12)
  11 centaurs
  A phantom (D:9)
  2 big kobolds
  6 giant frogs
  4 wights (D:11)
  3 scorpions
  12 killer bees
  A crimson imp (D:8)
  A giant frog zombie (D:8)
  A lava snake (D:14)
  8 hounds
  A jelly (D:8)
  An iguana (D:10)
  6 orc priests
  3 centaur skeletons
  A giant frog skeleton (D:9)
  An iron imp (Abyss:1)
  4 orc wizards
  5 worker ants
  3 sheep (D:7)
  5 adders
  A shadow imp (D:13)
  A white imp (Abyss:1)
  An adder skeleton (D:4)
  An adder zombie (D:7)
  A giant gecko (D:3)
  40 orcs
  2 goblins (D:3)
  15 kobolds
  2 quokkas
  A ball python (D:8)
  A giant cockroach (D:7)
  A jackal skeleton (D:6)
  5 rats
  A starspawn tentacle (Abyss:1)
277 creatures vanquished.

Vanquished Creatures (others)
  2 plants (D:15)
  3 starspawn tentacles (Abyss:1)
  52 starspawn tentacle segments (Abyss:1)
57 creatures vanquished.

Grand Total: 334 creatures vanquished

Notes
Turn   | Place    | Note
--------------------------------------------------------------
     0 | D:1      | 4thArraOfDagon the Deep Dwarf Berserker began the quest for the Orb.
     0 | D:1      | Reached XP level 1. HP: 20/20 MP: 1/1
   168 | D:2      | Found a snail-covered altar of Cheibriados.
   191 | D:2      | Reached XP level 2. HP: 28/28 MP: 2/2
   342 | D:3      | Reached skill level 4 in Axes
   342 | D:3      | Reached XP level 3. HP: 27/34 MP: 3/3
   403 | D:4      | Found a glowing golden altar of the Shining One.
   436 | D:5      | Entered Level 5 of the Dungeon
   437 | D:5      | Found a staircase to the Ecumenical Temple.
   453 | D:5      | Reached XP level 4. HP: 11/42 MP: 4/4
   496 | D:5      | Found a basalt altar of Yredelemnul.
   496 | D:5      | Found an ancient bone altar of Kikubaaqudgha.
   580 | D:6      | Noticed an ice beast
   597 | D:6      | Killed an ice beast
   597 | D:6      | Reached skill level 5 in Axes
   597 | D:6      | Reached XP level 5. HP: 31/50 MP: 5/5
   620 | D:6      | Found a white marble altar of Elyvilon.
   647 | D:6      | Acquired Trog's second power
   693 | D:6      | Reached XP level 6. HP: 18/57 MP: 6/6
   734 | D:7      | Noticed 4thArraOfDagon's ghost (average VSBe)
   797 | D:7      | Killed 4thArraOfDagon's ghost
   797 | D:7      | Reached skill level 6 in Axes
   878 | D:7      | Noticed a human
   879 | D:7      | Noticed a hog
   887 | D:7      | Reached skill level 1 in Evocations
   887 | D:7      | Reached XP level 7. HP: 64/64 MP: 7/7
   890 | D:7      | Killed a human
   890 | D:7      | Reached skill level 7 in Axes
   896 | D:7      | Killed a hog
   998 | D:8      | Got a twisted war axe
   999 | D:8      | Identified the +3 war axe of Disharmony {speed, *Drain +Fly Str+8} (You found it on level 8 of the Dungeon)
  1000 | D:8      | ehh
  1031 | D:8      | Reached skill level 5 in Armour
  1063 | D:8      | Reached XP level 8. HP: 44/73 MP: 10/10
  1071 | D:8      | Got a bloodstained hand axe
  1075 | D:8      | Identified the +5 hand axe "Hydrabane" {chop, rPois Str+7 Int-5 Dex+4} (You found it on level 8 of the Dungeon)
  1076 | D:8      | lo
  1093 | D:8      | chop chop
  1097 | D:8      | Found a shimmering altar of Xom.
  1097 | D:8      | Found a shimmering altar of Xom.
  1098 | D:8      | Found a shimmering altar of Xom.
  1098 | D:8      | Found a shimmering altar of Xom.
  1108 | D:8      | Reached skill level 5 in Fighting
  1108 | D:8      | Reached skill level 8 in Axes
  1178 | D:8      | Found a blossoming altar of Fedhas.
  1278 | D:9      | Noticed a two-headed ogre
  1288 | D:9      | Killed a two-headed ogre
  1318 | D:9      | Reached skill level 9 in Axes
  1350 | D:9      | Noticed a two-headed ogre
  1358 | D:9      | Killed a two-headed ogre
  1358 | D:9      | Reached skill level 5 in Evocations
  1358 | D:9      | Gained mutation: You passively map the area around you. [Deep Dwarf growth]
  1358 | D:9      | Reached XP level 9. HP: 58/82 MP: 11/11
  1636 | D:10     | Entered Level 10 of the Dungeon
  1641 | D:10     | Reached skill level 10 in Axes
  1896 | D:11     | Noticed Urug
  1912 | D:11     | Killed Urug
  1912 | D:11     | Reached XP level 10. HP: 58/92 MP: 14/14
  1959 | D:11     | Reached skill level 11 in Axes
  1990 | D:11     | Noticed a hill giant
  1997 | D:11     | Killed a hill giant
  1999 | D:11     | Acquired Trog's third power
  2073 | D:11     | Noticed a hill giant
  2084 | D:11     | Killed a hill giant
  2086 | D:11     | Noticed a cyclops
  2110 | D:11     | Killed a cyclops
  2162 | D:12     | Reached skill level 12 in Axes
  2221 | D:13     | Reached XP level 11. HP: 81/100 MP: 16/16
  2435 | D:14     | Noticed a centaur warrior
  2439 | D:14     | Noticed a tengu warrior
  2449 | D:14     | Killed a tengu warrior
  2450 | D:14     | Killed a centaur warrior
  2454 | D:14     | Killed an unseen horror
  2460 | D:14     | Reached skill level 13 in Axes
  2522 | D:14     | Noticed a hill giant
  2544 | D:14     | Noticed a hill giant
  2553 | D:14     | Found a labyrinth entrance.
  2565 | D:14     | Killed a hill giant
  2565 | D:14     | Reached skill level 10 in Evocations
  2578 | Lab      | Entered a labyrinth
  2935 | Lab      | Noticed a minotaur
  2941 | Lab      | Killed a minotaur
  2941 | Lab      | Reached skill level 10 in Armour
  2941 | Lab      | Reached XP level 12. HP: 112/112 MP: 17/17
  2943 | Lab      | Got a coiled granite ring
  2959 | Lab      | Identified the ring "Sikaysch" {Fire rElec Int+3} (You took it off a minotaur in a labyrinth)
  3066 | D:14     | Killed a hill giant
  3066 | D:14     | Reached skill level 14 in Axes
  3108 | D:14     | Noticed a hill giant
  3122 | D:14     | Killed a hill giant
  3138 | D:14     | Found a gate to the Vaults.
  3232 | D:14     | Cast into the Abyss (orc warrior)
  3396 | Abyss:1  | just fine
  3401 | Abyss:1  | sup
  3417 | Abyss:1  | Noticed a tentacled starspawn
  3436 | Abyss:1  | Killed a tentacled starspawn
  3533 | Abyss:1  | Noticed an Executioner
  3541 | Abyss:1  | Killed an Executioner
  3541 | Abyss:1  | Reached skill level 15 in Axes
  3587 | D:14     | Escaped the Abyss
  3641 | D:15     | Entered Level 15 of the Dungeon
  3677 | D:15     | Reached XP level 13. HP: 98/122 MP: 20/20
  3752 | D:15     | Found a staircase to the Depths.
  3857 | D:15     | Got a bloodstained scale mail
  3943 | D:15     | Identified the +2 scale mail of Incorporation {*Contam rF++ Int+4} (You found it on level 15 of the Dungeon)
  3974 | Depths:1 | Entered Level 1 of the Depths
  3982 | Depths:1 | Noticed a stone giant
  4082 | D:13     | Reached skill level 10 in Fighting
  4336 | D:11     | Noticed a green ugly thing
  4345 | D:11     | Killed a green ugly thing
  4384 | D:10     | Noticed a wizard
  4400 | D:10     | Killed a wizard
  4763 | D:11     | Found a staircase to the Orcish Mines.
  4772 | Orc:1    | Entered Level 1 of the Orcish Mines
  4868 | Orc:3    | Found a dark tunnel.
  4876 | Volcano  | Entered a volcano
  4954 | Volcano  | Reached skill level 16 in Axes
  5071 | Orc:4    | Entered Level 4 of the Orcish Mines
  5125 | Orc:4    | Slain by an orc warrior

Vault maps used:
D:1:      minmay_arrival_diagonal_passages
D:2:      cheibriados_altar_1, first_bread
D:3:      serial_corexii_hall, corexii_hall_statues_deadend,
          corexii_hall_statues_l
D:4:      tso_metal_star, st_stairs_12
D:5:      gammafunk_temple_overflow_elements, minmay_temple_entry_trees,
          portal_sewer_entry_b, tgw_kikubaaqudgha, uniq_eustachio
D:6:      old_standard_altar, minivault_4, lightli_orcish_oven
D:7:      kennysheep_mini, grunt_livestock
D:8:      xom_redecorated, fedhas_altar_2
D:9:      grunt_decor_one_mirror, minmay_statues_item, grunt_ministairs_13
D:10:     lair_0_dummy, laboratory
D:11:     orc_0_dummy, uniq_urug
D:12:     hex_intersection, st_stairs_9
D:14:     david_vaults_1, lab_entry_generic, nicolae_lava_and_water,
          minmay_item_behind_shaft
D:15:     gammafunk_depths_entry_grave, minmay_misc_feat_tiny, minivault_15,
          grunt_gozag_breadcrumbs
Orc:1:    nicolae_orc_accident_2, uniq_harold
Orc:3:    enter_volcano_2, nicolae_orc_pool_cavern
Orc:4:    st_orc_rangers, basic_altar, nicolae_orc_tapped_out, uniq_azrael
Depths:1: minmay_misc_feat_room, serial_shops, bzr_firewalk, hell_entry,
          solitary_fountain, minmay_misc_feat_encased, st_stairs_1,
          guppyfry_shop_blood, grunt_megastairs_3
Lab:      labyrinth_mini_lab, nicolae_lab_swirl, nicolae_lab_checkerboard,
          lab_hedge, nicolae_lab_t_cross, nicolae_lab_plus, nicolae_lab_x,
          nicolae_lab_diamond, lab_block
Volcano:  volcano_village

Action                   |  1- 3 |  4- 6 |  7- 9 | 10-12 | 13-15 || total
-------------------------+-------+-------+-------+-------+-------++-------
Melee: Hand axe          |    60 |   102 |    11 |       |       ||   173
       War axe           |       |       |   158 |   417 |   211 ||   786
Invok: Berserk           |     2 |     5 |     6 |    13 |     5 ||    31
       Trog's Hand       |       |       |     2 |    31 |    16 ||    49
 Abil: Device Recharging |       |       |     1 |     1 |     1 ||     3
Evoke: Wand              |       |     5 |     5 |     9 |     7 ||    26
  Use: Potion            |     5 |       |     3 |     3 |     1 ||    12
       Scroll            |       |       |    11 |     5 |     3 ||    19
  Eat: Bread ration      |       |     1 |       |       |       ||     1
       Chunk             |       |     2 |    10 |    20 |     2 ||    34
       Pizza             |       |       |       |     5 |     4 ||     9
       Beef jerky        |       |       |       |     1 |     2 ||     3
       Royal jelly       |       |       |       |     1 |       ||     1
